 Dungeon Crawl Stone Soup version 0.20-a0-270-g8e735b6 (webtiles) character file.

218 gamerape the Skirmisher (level 6, -1/44 HPs)
             Began as a Formicid Chaos Knight on Dec 10, 2016.
             Killed from afar by a white imp (11 damage)
             ... with a puff of frost
             ... summoned by Xom
             ... on level 2 of the Dungeon.
             The game lasted 00:08:46 (2090 turns).

gamerape the Skirmisher (Formicid Chaos Knight)     Turns: 2090, Time: 00:08:47

Health: -1/44      AC:  5    Str: 17      XL:     6   Next: 17%
Magic:  5/5        EV: 11    Int: 11      God:    Xom [*.....]
Gold:   38         SH:  0    Dex:  5 (8)  Spells: 5/5 levels left

rFire  . . .     SeeInvis +     a - +0 falchion (chaos)
rCold  . . .     Gourm    .     b - +2 leather armour
rNeg   . . .     Faith    .     (no shield)
rPois  .         Spirit   .     (helmet unavailable)
rElec  .         Reflect  .     (no cloak)
rCorr  .         Harm     .     (no gloves)
MR     .....                    (no boots)
Stlth  +.........               (no amulet)
                                (no ring)
                                (no ring)

@: drained
A: permanent stasis, dig shafts and tunnels, four strong arms, antennae 3,
clumsy 1, frail 1, low mp 1, weak 1
a: Dig, Shaft Self, Renounce Religion


You were on level 2 of the Dungeon.
You worshipped Xom.
You were a special plaything of Xom.
You were not hungry.

You visited 1 branch of the dungeon, and saw 2 of its levels.

You collected 38 gold pieces.

Inventory:

Hand Weapons
 a - a +0 falchion of chaos (weapon)
 i - a +0 hunting sling
Missiles
 p - 10 poisoned needles
Armour
 b - a +2 leather armour (worn)
Scrolls
 e - a scroll of amnesia {unknown}
 g - a scroll of noise {unknown}
 h - 2 scrolls of remove curse {unknown}
 j - 2 scrolls of enchant armour {unknown}
 k - a scroll of recharging {unknown}
 l - 2 scrolls of enchant weapon {unknown}
 m - 2 scrolls of identify {unknown}
 n - a scroll of immolation {unknown}
 r - a scroll of teleportation {unknown}
Potions
 f - 2 potions of curing {unknown}
 o - a potion of berserk rage {unknown}
Comestibles
 c - 3 bread rations
 d - a royal jelly


   Skills:
 * Level 4.5(3.3) Fighting
 * Level 4.3(3.2) Long Blades
 * Level 4.0(2.8) Armour
 + Level 1.8(0.7) Dodging


You had 5 spell levels left.
You didn't know any spells.

Dungeon Overview and Level Annotations

Branches:
Dungeon (2/15)

Altars:
Elyvilon


Innate Abilities, Weirdness & Mutations

You cannot be hasted, slowed, berserked, paralysed or teleported.
You can dig through walls and to a lower floor.
Your four strong arms can wield two-handed weapons with a shield.
You have a pair of large antennae on your head. (SInv)
You are clumsy. (Dex -2)
You are frail. (-10% HP)
Your magical capacity is low. (-10% MP)
You are weak. (Str -2)


Message History

The white imp is almost dead.
The white imp hits you.
* * * LOW HITPOINT WARNING * * *
The white imp freezes you.
* * * LOW HITPOINT WARNING * * *
You hit the white imp.
You kill the white imp!
You start resting.
All of the chunks of flesh in your inventory have rotted away.
You hear Xom's maniacal laughter.
You hit the crimson imp.
The crimson imp convulses.
The crimson imp is moderately wounded.
The white imp hits you but does no damage.
The crimson imp blinks!
You hit the crimson imp but do no damage.
The crimson imp is moderately wounded.
The white imp gestures at you. The puff of frost hits you!
You die... "Boring in life, boring in death..."

..# #.# #.# #.# #.# #
#.# # { #.# ####
#.############ ##...
{
#..5@55......####....
#.#########........##
### #...).........#
#..#.........#.. #.
#.........### .... ..
#.........# #....#
###.........# #...
#...........# #...
#...........#


You could see a crimson imp and 2 white imps.

Vanquished Creatures
  A boggart (D:2)
  Natasha (D:2)
  Ijyb (D:2)
  2 adders (D:2)
  An ooze (D:1)
  3 worms (D:2)
  2 dart slugs (D:1)
  A leopard gecko (D:2)
  4 bats
  2 giant cockroaches
  7 goblins
  9 hobgoblins
  2 quokkas (D:2)
  2 frilled lizards (D:1)
  5 kobolds (D:1)
  5 rats
48 creatures vanquished.

Notes
Turn   | Place    | Note
-------+----------+-------------------------------------------
     0 | D:1      | gamerape the Formicid Chaos Knight began the quest for the Orb.
     0 | D:1      | Reached XP level 1. HP: 18/18 MP: 1/1
   123 | D:1      | Reached XP level 2. HP: 24/24 MP: 2/2
   170 | D:1      | Reached skill level 1 in Dodging
   304 | D:1      | XOM: silly message
   479 | D:1      | Reached XP level 3. HP: 29/29 MP: 3/3
   545 | D:1      | XOM: silly message
   733 | D:2      | Noticed Ijyb
   741 | D:2      | Killed Ijyb
   741 | D:2      | Reached XP level 4. HP: 35/37 MP: 4/4
   802 | D:2      | XOM: medium Erth miscast
   812 | D:2      | Noticed Natasha
   813 | D:2      | Noticed Natasha
   813 | D:2      | Natasha changed into Natasha the boggart
   813 | D:2      | XOM: polymorph Natasha -> Natasha the boggart
   817 | D:2      | XOM: mild Necr miscast
   820 | D:2      | XOM: stat loss: -1 Str (17/18)
   826 | D:2      | XOM: cleaving
  1019 | D:2      | Killed Natasha the boggart
  1019 | D:2      | Reached XP level 5. HP: 26/43 MP: 5/5
  1464 | D:2      | XOM: silly message
  1490 | D:2      | Noticed Natasha
  1493 | D:2      | XOM: fog
  1496 | D:2      | Noticed Natasha
  1496 | D:2      | Natasha changed into Natasha the worm
  1496 | D:2      | XOM: polymorph Natasha -> Natasha the worm
  1504 | D:2      | Killed Natasha the worm
  1514 | D:2      | Noticed Natasha
  1526 | D:2      | XOM: mild Chrm miscast
  1531 | D:2      | Killed Natasha
  1531 | D:2      | Reached XP level 6. HP: 21/49 MP: 6/6
  1723 | D:2      | Found a white marble altar of Elyvilon.
  1759 | D:2      | XOM: give mutations
  1759 | D:2      | Gained mutation: You are frail. (-10% HP) [Xom's mischief]
  1759 | D:2      | Gained mutation: You are weak. (Str -2) [Xom's mischief]
  1759 | D:2      | Gained mutation: You are clumsy. (Dex -2) [Xom's mischief]
  1759 | D:2      | Gained mutation: Your magical capacity is low. (-10% MP) [Xom's mischief]
  2035 | D:2      | XOM: summons 3 hostile demons
  2054 | D:2      | XOM: draining
  2088 | D:2      | XOM: summons 3 hostile demons
  2090 | D:2      | Killed from afar by a white imp

Vault maps used:
D:1:      lemuel_arrival_broad_hall, serial_forest, infiniplex_forest_lined_2,
          infiniplex_forest_clump_C, infiniplex_forest_clump_double,
          infiniplex_forest_lined_3_way, infiniplex_forest_straight_3,
          infiniplex_forest_straight_2, infiniplex_forest_straight_4
D:2:      cheibrodos_greedy_goblins, marbit_many_paths, lemuel_crystal_altar,
          uniq_natasha, uniq_iyjb

Skill      XL: |  1  2  3  4  5  6 |
---------------+-------------------+-----
Dodging        | 1 |  1.8
Armour         | 3 4 |  4.0
Fighting       | 4 |  4.5
Long Blades    | 4 |  4.3

Action                   |  1- 3 |  4- 6 || total
-------------------------+-------+-------++-------
Melee: Falchion          |    59 |   121 ||   180
 Stab: Confused          |       |     1 ||     1
  Eat: Chunk             |       |     4 ||     4
Armor: Leather armour    |    20 |    72 ||    92
Dodge: Dodged            |    26 |   102 ||   128
       Rpst.: Falchion   |     7 |    25 ||    32
